 Dungeon Crawl Stone Soup version 0.22.1-1-ga44c0e56f4 (webtiles) character file.

4254 Peloso the Carver (level 10, -14/88 HPs)
             Began as a Minotaur Fighter on Oct 27, 2018.
             Was a Priest of Okawaru.
             Killed from afar by Erica (22 damage)
             ... with a bolt of poison
             ... on level 7 of the Dungeon.
             The game lasted 00:14:31 (6470 turns).

Peloso the Carver (Minotaur Fighter)                Turns: 6470, Time: 00:14:32

Health: -14/88     AC: 13    Str: 28    XL:     10   Next: 10%
Magic:  9/9        EV:  8    Int:  5    God:    Okawaru [***...]
Gold:   384        SH: 12    Dex: 11    Spells: 9/9 levels left

rFire    . . .     SeeInvis .   a - +0 long sword
rCold    . . .     Gourm    .   c - +0 shield
rNeg     . . .     Faith    +   b - +0 plate armour
rPois    .         Spirit   .   (helmet restricted)
rElec    .         Reflect  .   (no cloak)
rCorr    .         Harm     .   (no gloves)
MR       .....     Rnd*Tele +   (no boots)
Stlth    ..........             y - amulet of faith
HPRegen  0.24/turn              A - ring of wizardry
MPRegen  0.11/turn              q - ring of teleportation (curse)

@: mighty, lethally poisoned (-14 -> -22), slowed, very slow
A: retaliatory headbutt, horns 2
a: Heroism, Renounce Religion


You were on level 7 of the Dungeon.
You worshipped Okawaru.
Okawaru was most pleased with you.
You were very hungry.

You visited 2 branches of the dungeon, and saw 9 of its levels.

You collected 384 gold pieces.

Inventory:

Hand Weapons
 a - a +0 long sword (weapon)
Armour
 b - a +0 plate armour (worn)
 c - a +0 shield (worn)
Jewellery
 j - an uncursed ring of protection from fire
 q - a cursed ring of teleportation (right hand)
 y - an amulet of faith (around neck)
 A - a ring of wizardry (left hand)
Wands
 h - a wand of flame (103)
 i - a wand of digging (18)
Scrolls
 e - 11 scrolls of teleportation
 g - 2 scrolls of magic mapping
 m - 4 scrolls of random uselessness {unknown}
 n - 3 scrolls of enchant weapon {unknown}
 p - a scroll of amnesia {unknown}
 r - 6 scrolls of identify
 t - 2 scrolls of enchant armour {unknown}
 u - a scroll of remove curse
 v - 2 scrolls of fear {unknown}
 z - a scroll of fog {unknown}
 B - 2 scrolls of immolation {unknown}
 C - a scroll of brand weapon {unknown}
 D - a scroll of acquirement {unknown}
 E - a scroll of silence {unknown}
Potions
 d - a potion of might
 k - 2 potions of berserk rage {unknown}
 l - 2 potions of agility {unknown}
 o - 2 potions of magic {unknown}
 s - 2 potions of heal wounds {unknown}
 w - 2 potions of haste {unknown}
 x - 3 potions of curing
 G - a potion of lignification {unknown}
Comestibles
 f - 11 rations


   Skills:
 + Level 7.8 Fighting
 + Level 10.6 Long Blades
 + Level 8.7 Armour
 + Level 3.1 Dodging
 + Level 1.1 Stealth
 + Level 9.3 Shields
 + Level 0.2 Invocations


You had 9 spell levels left.
You didn't know any spells.
Your spell library contained the following spells:

 Spells                   Type           Power        Failure   Level  Hunger
 Beastly Appendage        Tmut           #.....       98%         1    ##.....
 Confusing Touch          Hex            #.....       98%         1    ##.....
 Magic Dart               Conj           #...         98%         1    ##.....
 Sting                    Conj/Pois      #...         98%         1    ##.....
 Blink                    Tloc           N/A          99%         2    ###....
 Call Imp                 Summ           #.......     99%         2    ###....
 Poisonous Vapours        Pois/Air       #.....       99%         2    ###....
 Slow                     Hex            #.......     99%         2    ###....
 Sticks to Snakes         Tmut           #.......     99%         2    ###....
 Confuse                  Hex            #.......     100%        3    ####...
 Conjure Flame            Conj/Fire      #.......     100%        3    ####...
 Gell's Gravitas          Tloc           #.........   100%        3    ####...
 Mephitic Cloud           Conj/Pois/Air  #.......     100%        3    ####...
 Spider Form              Tmut/Pois      #.........   100%        3    ####...
 Ice Form                 Ice/Tmut       #.......     100%        4    #####..
 Olgreb's Toxic Radiance  Pois           #.......     100%        4    #####..
 Petrify                  Tmut/Erth      #.......     100%        4    #####..
 Blade Hands              Tmut           #.........   100%        5    ######.
 Metabolic Englaciation   Hex/Ice        #.........   100%        5    ######.
 Venom Bolt               Conj/Pois      #.........   100%        5    ######.
 Yara's Violent Unravell  Hex/Tmut       #.........   100%        5    ######.


Dungeon Overview and Level Annotations

Branches:
Dungeon (8/15)             Temple (1/1) D:6
   Lair: D:8-11

Altars:
Ashenzari
Cheibriados
Elyvilon
Fedhas
Gozag
Hepliaklqana
Kikubaaqudgha
Makhleb
Okawaru
Qazlal
Ru
Sif Muna
Trog
Uskayaw
Vehumet
Wu Jian
Yredelemnul
Zin

Annotations:
D:7 Erica


Innate Abilities, Weirdness & Mutations

You reflexively headbutt those who attack you in melee.
You have a pair of horns on your head.


Message History

* * * LOW HITPOINT WARNING * * *
Something burns you.
* * * LOW HITPOINT WARNING * * *
Something hits you but does no damage.
You slice something!! Something hits you.
* * * LOW HITPOINT WARNING * * *
Something burns you.
* * * LOW HITPOINT WARNING * * *
You closely miss something. Your headbutt misses something.
Erica appears from thin air!
Reactivating autopickup.
Erica casts a spell.
Erica flickers and vanishes!
Deactivating autopickup; reactivate with Ctrl-A.
You closely miss something.
You hear some strange, mumbled words.
A bolt of poison appears from out of thin air!
The bolt of poison hits you!
You are lethally poisoned!
You die...

#.......# #########.#####.#
#...........# #.######## ##
#........##.###........# .#
#........##....#######.# .#
#.##...###.....#.......#
.#####.####.###)#####.#######
................{รท..#.#
######.#.#.#####@##...######
# ###...#.# #)######....#
####.......### #[[).....##.#
.............# #.[.[##..##.#
##..(.######.###.##[#...#..#
.#(.(.# #..##.##(#####.##
(().).# ##....##)#####.#
###...# #..#.##.#.....# #
#...# #..#.##.#.#####


There were no monsters in sight!

Vanquished Creatures
  Joseph (D:7)
  Prince Ribbit (D:7)
  Sigmund (D:2)
  Eustachio (D:3)
  A hungry ghost (D:7)
  Menkaure (D:4)
  A water moccasin (D:7)
  Duvessa (D:4)
  3 orc warriors
  4 ice beasts
  A phantom (D:5)
  3 ogres
  A necrophage (D:7)
  A centaur (D:8)
  Blork the orc (D:4)
  3 bullfrogs
  Dowan (D:4)
  2 scorpions
  3 wights (D:7)
  A bullfrog zombie (D:6)
  2 crimson imps (D:6)
  4 hounds
  3 jellies
  A gnoll shaman (D:7)
  A bullfrog skeleton (D:4)
  3 orc priests
  Jessica (D:2)
  An iguana (D:7)
  12 orc wizards
  6 worker ants
  A killer bee zombie (D:7)
  A hound zombie (D:7)
  A hound skeleton (D:6)
  A worker ant zombie (D:7)
  Robin (D:2)
  7 gnolls (D:7)
  10 adders
  2 shadow imps
  An ooze (D:3)
  2 adder skeletons (D:4)
  5 worms
  4 dart slugs
  3 leopard geckos
  18 orcs
  4 ball pythons
  A giant cockroach (D:3)
  8 hobgoblins
  5 jackals
  3 quokkas
  6 bats
  7 frilled lizards
  20 goblins
  8 kobolds
  A leopard gecko skeleton (D:3)
  A quokka skeleton (D:4)
  13 rats
200 creatures vanquished.

Notes
Turn   | Place    | Note
-------+----------+-------------------------------------------
     0 | D:1      | Peloso the Minotaur Fighter began the quest for the Orb.
     0 | D:1      | Reached XP level 1. HP: 19/19 MP: 0/0
   113 | D:1      | Reached XP level 2. HP: 23/27 MP: 1/1
   332 | D:1      | Reached XP level 3. HP: 33/33 MP: 2/2
   565 | D:2      | Noticed Robin
   936 | D:2      | Killed Robin
   936 | D:2      | Reached skill level 3 in Long Blades
   936 | D:2      | Reached XP level 4. HP: 38/40 MP: 3/3
   973 | D:2      | Noticed Sigmund
   983 | D:2      | Killed Sigmund
   983 | D:2      | Reached skill level 4 in Long Blades
   983 | D:2      | Reached skill level 1 in Dodging
   983 | D:2      | Reached skill level 5 in Shields
   983 | D:2      | Reached XP level 5. HP: 27/47 MP: 4/4
  1025 | D:2      | Noticed Jessica
  1028 | D:2      | Killed Jessica
  1028 | D:2      | Reached skill level 5 in Armour
  1247 | D:3      | Reached XP level 6. HP: 53/53 MP: 5/5
  1979 | D:4      | Noticed Menkaure
  1987 | D:4      | Killed Menkaure
  1987 | D:4      | Reached skill level 5 in Long Blades
  1987 | D:4      | HP: 2/53 [adder skeleton (3)]
  1999 | D:4      | Noticed Blork the orc
  2016 | D:4      | Killed Blork the orc
  2222 | D:3      | Reached XP level 7. HP: 23/60 MP: 6/6
  2393 | D:4      | Noticed Duvessa
  2397 | D:4      | Noticed Dowan
  2467 | D:4      | Killed Duvessa
  2467 | D:4      | Reached skill level 5 in Fighting
  2471 | D:4      | Killed Dowan
  2500 | D:4      | Noticed Eustachio
  2527 | D:3      | Killed Eustachio
  2527 | D:3      | Reached skill level 6 in Long Blades
  2638 | D:4      | Reached XP level 8. HP: 32/69 MP: 7/7
  2950 | D:4      | Reached skill level 7 in Long Blades
  2995 | D:5      | Entered Level 5 of the Dungeon
  3084 | D:5      | Found a hide-covered altar of Uskayaw.
  3085 | D:5      | Noticed a hand axe
  3085 | D:5      | Noticed a dagger
  3498 | D:6      | Found a staircase to the Ecumenical Temple.
  3512 | Temple   | Entered the Ecumenical Temple
  3544 | Temple   | Became a worshipper of Warmaster Okawaru
  3630 | D:6      | Reached skill level 8 in Long Blades
  3657 | D:6      | Reached skill level 1 in Stealth
  3821 | D:6      | Reached * piety under Okawaru
  4355 | D:7      | Reached skill level 9 in Long Blades
  4355 | D:7      | Reached XP level 9. HP: 75/78 MP: 8/8
  4421 | D:7      | Noticed Joseph
  4424 | D:7      | Noticed Prince Ribbit
  4465 | D:7      | Killed Joseph
  4465 | D:7      | Reached ** piety under Okawaru
  4487 | D:7      | Killed Prince Ribbit
  4958 | D:7      | Reached *** piety under Okawaru
  4958 | D:7      | Reached skill level 10 in Long Blades
  5782 | D:8      | Reached XP level 10. HP: 71/86 MP: 9/9
  6139 | D:8      | Noticed Erica
  6470 | D:7      | Killed from afar by Erica

Skill      XL: |  1  2  3  4  5  6  7  8  9 |
---------------+----------------------------+-----
Shields        | 4 5 6 7 9 |  9.3
Fighting       | 4 5 6 7 |  7.8
Armour         | 4 5 6 7 8 |  8.7
Long Blades    | 3 4 5 6 9 10 | 10.6
Dodging        | 1 2 3 |  3.1
Stealth        | 1 |  1.1
Invocations    | |  0.2

Action                   |  1- 3 |  4- 6 |  7- 9 | 10-12 || total
-------------------------+-------+-------+-------+-------++-------
Melee: Long sword        |   132 |    68 |   443 |    47 ||   690
       Headbutt          |    14 |    20 |   105 |    14 ||   153
Invok: Heroism           |       |       |     1 |       ||     1
  Use: Scroll            |     4 |       |       |       ||     4
       Potion            |       |     2 |       |     3 ||     5
  Eat: Chunk             |       |     3 |    14 |     1 ||    18
       Ration            |       |       |     1 |       ||     1
Armor: Scale mail        |    66 |     9 |       |       ||    75
       Chain mail        |       |    16 |   149 |       ||   165
       Plate armour      |       |       |    45 |    26 ||    71
Dodge: Dodged            |    35 |    29 |   105 |    13 ||   182
Block: Shield            |    65 |    50 |   253 |    19 ||   387
       Rpst.: Long sword |    10 |     5 |    38 |     5 ||    58
